 Dungeon Crawl Stone Soup version 0.11.3 (webtiles) character file.

314 Banto the Changer (level 5, -1/33 HPs)
             Began as a Sludge Elf Stalker on Nov 26, 2015.
             Slain by an ogre
             ... wielding a +0,+0 giant club
              (23 damage)
             ... on Level 4 of the Dungeon.
             The game lasted 00:09:17 (2751 turns).

Banto the Changer (Sludge Elf Stalker)              Turns: 2751, Time: 00:09:17

HP  -1/33        AC  3     Str 10      XL: 5   Next: 60%
MP  17/17        EV 13     Int 14      God:
Gold 132         SH  0     Dex 16      Spells:  2 memorised,  3 levels left

Res.Fire  : . . .   See Invis. : .   l - +1 dagger (elec)
Res.Cold  : . . .   Warding    : .   b - +0 elf robe
Life Prot.: . . .   Conserve   : .   (no shield)
Res.Poison: +       Res.Corr.  : .   (no helmet)
Res.Elec. : .       Clarity    : .   c - +0 elf cloak
Sust.Abil.: . .     Spirit.Shd : .   (no gloves)
Res.Mut.  : .       Stasis     : .   (no boots)
Res.Rott. : .       Ctrl.Telep.: .   (no amulet)
Saprovore : . . .   Levitation : .   u - ring of poison resistance Ctrl.Flight: .
                                     j - ring of magical power

@: slightly resistant to hostile enchantments, quite stealthy
A: no striking features
a: no special abilities


You were on level 4 of the Dungeon.
You were not hungry.

You visited 1 branch of the dungeon, and saw 4 of its levels.

You collected 112 gold pieces.

Inventory:

Hand weapons
 l - a +1,+1 dagger of electrocution (weapon)
 o - a +0,+2 dwarven dagger of returning (quivered)
Missiles
 p - 6 darts
Armour
 a - a +0 pair of gloves
 b - a +0 elven robe (worn)
 c - a +0 elven cloak (worn)
Comestibles
 f - 3 bread rations
 g - an apple
 i - 5 meat rations
 m - a pear
 q - a choko
 z - 2 chunks of iguana flesh
Scrolls
 n - a scroll of amnesia
 t - 3 scrolls of teleportation
 y - a scroll of enchant weapon II
 A - a scroll of curse armour {unknown}
Jewellery
 j - a ring of magical power (left hand)
 r - an uncursed ring of sustain abilities
 s - an uncursed ring of ice
 u - a ring of poison resistance (right hand)
Potions
 e - 11 potions of confusion
 h - 5 potions of poison
 k - 5 potions of curing
 v - 2 potions of might {unknown}
 w - 2 potions of heal wounds {unknown}
 x - a potion of restore abilities {unknown}
 B - a potion of mutation {unknown}
Books
 d - a book of Stalking

   Spells                             Type                      Level
   *Fulsome Distillation              Transmutation/Necromancy     1
   *Evaporate                         Fire/Transmutation           2
   Passwall                           Transmutation/Earth          3
   Petrify                            Transmutation/Earth          4
   Dig                                Transmutation/Earth          4


   Skills:
 - Level 1.1 Fighting
 + Level 2.8 Short Blades
 - Level 2.4 Dodging
 + Level 4.0 Stealth
 - Level 2.0 Stabbing
 - Level 1.2 Spellcasting
 - Level 5.0 Transmutations


You had 3 spell levels left.
You knew the following spells:

 Your Spells              Type           Power        Failure   Level  Hunger
a - Fulsome Distillation  Trmt/Necr      N/A          12%         1    ##.....
b - Evaporate             Fire/Trmt      ##.....      17%         2    ###....


Dungeon Overview and Level Annotations

Branches:
Dungeon (4/27)
 Temple: D:4-7

Altars:
Elyvilon
Sif Muna
Vehumet


Message History

Casting: Fulsome Distillation
Confirm with . or Enter, or press ? or * to list all spells.
Okay, then.
A giant cockroach comes into view.
The ogre shouts!
The ogre closely misses you. The giant cockroach barely misses you.
The giant cockroach bites you but does no damage.
You see here a rat corpse.
You hit the giant cockroach but do no damage.
The giant cockroach bites you but does no damage.
You closely miss the giant cockroach. The giant cockroach closely misses you.
You hit the giant cockroach but do no damage.
The giant cockroach misses you.
You hit the giant cockroach but do no damage.
There is a sudden explosion of sparks!
You kill the giant cockroach!
The ogre hits you with a giant club!
Ouch! That really hurt!
You die...

#....+. #.%..#.... #..........
#...##...... #####...##.......
#######...+...++.......#
##.....$.###...##.......
#..........%%...#....#
#.........#####O@....############
#.#####...# ###....#...........
#...# #......#....####### .....#
#.#.#.##........... ###.#.#
#.#.#.##.....####.. ....#
#.#...)...........# ##.###
#.###[#......####.# ..# #.
#.#.).........# #.
#.#.......###.#


You could see an ogre.

Vanquished Creatures
  An orc wizard (D:4)
  2 iguanas
  An adder (D:3)
  2 worms (D:3)
  3 giant geckos
  3 oozes
  6 orcs
  5 hobgoblins
  3 jackals (D:2)
  12 kobolds
  3 ball pythons
  8 bats
  6 giant cockroaches
  A giant gecko skeleton (D:4)
  5 giant newts
  8 goblins
  7 rats
76 creatures vanquished.

Vanquished Creatures (others)
  A jackal (D:2)
  A rat (D:2)
  A toadstool (D:1)
3 creatures vanquished.

Grand Total: 79 creatures vanquished

Notes
Turn   | Place    | Note
--------------------------------------------------------------
     0 | D:1      | Banto, the Sludge Elf Stalker, began the quest for the Orb.
     0 | D:1      | Reached XP level 1. HP: 13/13 MP: 1/1
   111 | D:1      | Reached skill level 3 in Transmutations
   212 | D:1      | Reached XP level 2. HP: 11/18 MP: 2/3
   407 | D:1      | Learned a level 2 spell: Evaporate
   833 | D:1      | Reached XP level 3. HP: 1/23 MP: 4/4
  1072 | D:1      | Reached skill level 1 in Short Blades
  1240 | D:2      | Found a deep blue altar of Sif Muna.
  1329 | D:2      | Found a radiant altar of Vehumet.
  1454 | D:2      | Reached skill level 4 in Transmutations
  2059 | D:3      | Reached XP level 4. HP: 24/28 MP: 6/6
  2244 | D:3      | Found a white marble altar of Elyvilon.
  2544 | D:3      | Reached skill level 5 in Transmutations
  2544 | D:3      | Reached XP level 5. HP: 33/33 MP: 8/8
  2727 | D:4      | Noticed an ogre
  2751 | D:4      | Slain by an ogre
